 Dungeon Crawl Stone Soup version 0.23-a0-448-g1c01f63 (webtiles) character file.

5 Lavandula the Gusty (level 1, -2/15 HPs)
             Began as a Naga Air Elementalist on Nov 20, 2018.
             Slain by a goblin (4 damage)
             ... on level 2 of the Dungeon.
             The game lasted 00:01:19 (83 turns).

Lavandula the Gusty (Naga Air Elementalist)           Turns: 83, Time: 00:01:20

Health: -2/15      AC:  1    Str: 10    XL:     1   Next: 80%
Magic:  0/3        EV: 10    Int: 15    God:
Gold:   13         SH:  0    Dex: 11    Spells: 3/4 levels left

rFire    . . .     SeeInvis +   (no weapon)
rCold    . . .     Gourm    .   (no shield)
rNeg     . . .     Faith    .   a - +0 robe
rPois    +         Spirit   .   (no helmet)
rElec    .         Reflect  .   (no cloak)
rCorr    .         Harm     .   (no gloves)
MR       .....                  (no barding)
Stlth    ++........             (no amulet)
HPRegen  0.05/turn              (no ring)
MPRegen  0.08/turn              (no ring)

@: short of breath, very slightly contaminated, very slow
A: large, see invisible, deformed body, poison resistance, slowness 2, slow
metabolism 1, spit poison 1, AC +0
a: Spit Poison


You were on level 2 of the Dungeon.
You were not hungry.

You visited 1 branch of the dungeon, and saw 2 of its levels.

You collected 13 gold pieces.

Inventory:

Armour
 a - a +0 robe (worn)
Potions
 b - 3 potions of might {unknown}
Comestibles
 c - a ration


   Skills:
 - Level 1.6 Dodging
 - Level 3.0 Stealth
 + Level 2.1 Spellcasting
 - Level 1.0 Conjurations
 - Level 3.1 Air Magic


You had 3 spell levels left.
You knew the following spells:

 Your Spells              Type           Power        Failure   Level  Hunger
a - Shock                 Conj/Air       #...         10%         1    #......

Your spell library contained the following spells:

 Spells                   Type           Power        Failure   Level  Hunger
 Swiftness                Chrm/Air       #.......     17%         2    ###....
 Static Discharge         Conj/Air       #.......     28%         3    ###....
 Airstrike                Air            ##........   52%         4    #####..
 Lightning Bolt           Conj/Air       #.........   95%         5    ######.


Dungeon Overview and Level Annotations

Branches:
Dungeon (2/15)

Altars:


Innate Abilities, Weirdness & Mutations

You cannot wear boots.
Your serpentine skin is tough. (AC +0)
You have supernaturally acute eyesight. (SInv)
Armour fits poorly on your strangely shaped body.
Your system is resistant to poisons. (rPois)
You cover ground very slowly.
You have a slow metabolism.
You can spit poison.


Message History

You feel slightly more hungry. The goblin hits you.
* * * LOW HITPOINT WARNING * * *
Casting: Shock (safe; 10% risk of failure)
Confirm with . or Enter, or press ? or * to list all spells.
Aiming: Shock (safe; 10% risk of failure)
Press: ? - help, Shift-Dir - straight line, f/p - goblin
Aim: a goblin (severely wounded)
You miscast Shock.
You are very lightly contaminated with residual magic.
Nothing appears to happen.
The goblin barely misses you.
Unknown command.
You hit the goblin but do no damage.
The goblin is heavily wounded.
The goblin hits you.
* * * LOW HITPOINT WARNING * * *
Unknown command.
You hit the goblin.
The goblin is severely wounded.
The goblin hits you.
You die...

#.# .. # #.. .#
# .##).####
.####.# .......
.g... ##.....
.... .....# ..#
#(.####.#
#...)g@.#
##(.##### #.<#
.............#
#.............#
.........K.....
...........K.).
............g..
...............


You could see a hobgoblin (sleeping) and a goblin.

Vanquished Creatures
  A dart slug (D:1)
  A bat (D:1)
  3 kobolds
5 creatures vanquished.

Vanquished Creatures (others)
  A gargoyle (D:1)
  A vine stalker (D:1)
  A troll (D:1)
  2 formicids (D:1)
  A spriggan (D:1)
  3 vampires (D:1)
  3 nagas (D:1)
  2 ogres (D:1)
  A centaur (D:1)
  A tentacle (D:1)
16 creatures vanquished.

Grand Total: 21 creatures vanquished

Notes
Turn   | Place    | Note
-------+----------+-------------------------------------------
     0 | D:1      | Lavandula the Naga Air Elementalist began the quest for the
                  | Orb.
     0 | D:1      | Reached XP level 1. HP: 15/15 MP: 3/3
     2 | D:1      | Noticed a naga
     2 | D:1      | Noticed a vampire
     2 | D:1      | Noticed a formicid
     2 | D:1      | Noticed an ogre
     2 | D:1      | Noticed an ogre
     2 | D:1      | Noticed a troll
     2 | D:1      | Noticed a naga
     2 | D:1      | Noticed a centaur
     2 | D:1      | Noticed a kraken
     2 | D:1      | Noticed a spriggan
     2 | D:1      | Noticed a gargoyle
     2 | D:1      | Noticed a vine stalker
     2 | D:1      | Noticed a vampire
     2 | D:1      | Noticed a vampire
     2 | D:1      | Noticed a naga
     2 | D:1      | Noticed a formicid
     3 | D:1      | Killed an ogre
     3 | D:1      | Killed an ogre
     4 | D:1      | Killed a vampire
     4 | D:1      | Killed a gargoyle
     5 | D:1      | Killed a formicid
     5 | D:1      | Killed a centaur
     7 | D:1      | Killed a vampire
     7 | D:1      | Killed a vampire
     7 | D:1      | Killed a naga
     8 | D:1      | Killed a naga
     9 | D:1      | Killed a troll
     9 | D:1      | Killed a naga
     9 | D:1      | Killed a spriggan
    11 | D:1      | Killed a vine stalker
    11 | D:1      | Killed a formicid
    83 | D:2      | Slain by a goblin

Vault maps used:
D:1:      nicolae_arrival_kraken_aquarium_b
D:2:      uniq_terence

Action                   || total
-------------------------++-------
Melee: Unarmed           ||     7
 Cast: Shock             ||     8
 Abil: Spit Poison       ||     4
Dodge: Dodged            ||     8

Table legend:
 A = Non-vault XP
 B = Vault XP
 C = Vault XP percentage of total XP
 D = Non-vault monster count
 E = Vault monster count
 F = Vault count percentage of total count
                 A         B        C        D         E       F
            +---------+---------+-------+---------+---------+-------
      Total |       8 |       0 |   0.0 |       5 |       0 |   0.0
            +---------+---------+-------+---------+---------+-------
        D:1 |       7 |       0 |   0.0 |       4 |       0 |   0.0
        D:2 |       1 |       0 |   0.0 |       1 |       0 |   0.0
            +---------+---------+-------+---------+---------+-------
